 Dungeon Crawl Stone Soup version 0.27.0-1-g7a089689b8 (webtiles) character file.

Game seed: 3896376661321496789

115 funkygono the Firebug (level 5, -4/29 HPs)
             Began as a Gargoyle Fire Elementalist on Aug 17, 2021.
             Slain by an ogre (6 damage)
             ... on level 2 of the Dungeon.
             The game lasted 00:03:25 (2241 turns).

funkygono the Firebug (Gargoyle Fire Elementalist)  Turns: 2241, Time: 00:03:25

Health: -4/29      AC:  8    Str: 11    XL:     5   Next: 0%
Magic:  3/9        EV: 12    Int: 17    God:
Gold:   51         SH:  0    Dex: 10    Spells: 1/9 levels left

rFire    . . .     SeeInvis .   b - +0 whip
rCold    . . .     Faith    +   (no shield)
rNeg     + . .     Spirit   .   a - +0 robe
rPois    ∞         Reflect  .   f - +2 hat
rElec    +         Harm     .   (no cloak)
rCorr    .         Rampage  .   (no gloves)
Will     .....                  (no boots)
Stlth    ++........             h - amulet of faith
HPRegen  0.09/turn              (no ring)
MPRegen  0.11/turn              (no ring)

@: no status effects
A: sickness immunity, AC +4, negative energy resistance 1, electricity
resistance, torment resistance 1, petrification resistance
a: no special abilities


You were on level 2 of the Dungeon.
You visited 1 branch of the dungeon, and saw 3 of its levels.

You collected 51 gold pieces.

Inventory:

Hand Weapons
 b - a +0 whip (weapon)
Armour
 a - a +0 robe (worn)
 f - a +2 hat (worn)
Jewellery
 h - an amulet of faith (around neck)
Potions
 c - a potion of curing {unknown}
 d - a potion of brilliance {unknown}
 e - a potion of haste {unknown}


   Skills:
 + Level 1.3 Fighting
 + Level 1.9 Dodging
 - Level 2.1 Stealth
 + Level 2.8 Spellcasting
 + Level 1.6 Conjurations
 + Level 4.3 Fire Magic


You had one spell level left.
You knew the following spells:

 Your Spells              Type           Power      Damage    Failure   Level
a - Foxfire               Conj/Fire      48%        2x1d6     5%          1
b - Conjure Flame         Conj/Fire      12%        6-21      16%         3
c - Sticky Flame          Conj/Fire      12%        2d4       45%         4

Your spell library contained the following spells:

 Spells                   Type           Power      Damage    Failure   Level
 Animate Skeleton         Necr           4%         N/A       19%         1
 Apportation              Tloc           4%         N/A       19%         1
 Corona                   Hex            2%         N/A       19%         1
 Summon Small Mammal      Summ           8%         N/A       19%         1
 Inner Flame              Hex/Fire       9%         N/A       22%         3
 Gell's Gravitas          Tloc           1%         N/A       47%         3
 Lesser Beckoning         Tloc           1%         N/A       47%         3
 Teleport Other           Tloc           2%         N/A       47%         3
 Fireball                 Conj/Fire      6%         3d5       82%         5


Dungeon Overview and Level Annotations

Branches:
Dungeon (3/15)

Altars:


Innate Abilities, Weirdness & Mutations

You are immune to sickness and miasma.
Your stone body is resilient. (AC +4)
You are immune to poison.
You resist negative energy. (rN+)
You are resistant to electric shocks. (rElec)
You are resistant to unholy torment.
You are immune to petrification.


Message History

You conjure some foxfire!
An endoplasm comes into view.
Casting: Foxfire (safe; 5% risk of failure)
Confirm with . or Enter, or press ? or * to list all spells.
You conjure some foxfire!
An orc comes into view. It is wielding a +0 hand axe.
The foxfire hits the endoplasm.
The endoplasm is almost dead.
Unknown command.
Casting: Foxfire (safe; 5% risk of failure)
Confirm with . or Enter, or press ? or * to list all spells.
You conjure some foxfire!
The foxfire hits the ogre.
The ogre is moderately wounded.
The foxfire hits the ogre.
The ogre is moderately wounded.
The foxfire hits the endoplasm but does no damage.
The endoplasm is almost dead.
A ball python comes into view.
The foxfire hits the endoplasm.
You kill the endoplasm!
You have reached level 5!
The foxfire hits the ogre.
The ogre is heavily wounded.
The ogre misses you.
There is a stone staircase leading up here.
The ogre closely misses you.
You climb upwards.
There is a stone staircase leading down here.
The ogre hits you with a +0 giant spiked club!
The ogre hits you with a +0 giant spiked club!
* * * LOW HITPOINT WARNING * * *
Casting: Foxfire (safe; 5% risk of failure)
Confirm with . or Enter, or press ? or * to list all spells.
You conjure some foxfire!
The foxfire hits the ogre.
The ogre is heavily wounded.
The foxfire hits the ogre.
The ogre is severely wounded.
The ogre hits you with a +0 giant spiked club.
You die...

#......######## #.#
#########.....# #.#
#######.###.# #.# #######
#........##.# #.# ......#
#.#.#.#..##.# #.# #######
..###.# #..###...##.# #.#
#...... #.# #.#
#.#.#.#..##.###.###.#####
#.# #.#
#.##.##..##.##...##.# #
#.###.#
#.##.##§@...#...>.#.# #
......#
#......§.O.>........# #
#.###.#
####.##########.##### #
#.# #.# #.# #.# # #.# #.#
#.# #.# # ..# #.# #.#
##'## # ### #.# #.#
##>..## # # #.# #.##
##.....## # #####.# #..##
##.......## ##


You could see an ogre.

Vanquished Creatures
  A water moccasin skeleton (D:2)
  2 adders (D:2)
  A gnoll (D:1)
  2 worms (D:2)
  A dart slug (D:2)
  3 ball pythons (D:2)
  6 endoplasms
  3 giant cockroaches (D:1)
  A goblin (D:1)
  2 hobgoblins
  3 kobolds
  5 bats
  3 frilled lizards
  3 rats (D:2)
36 creatures vanquished.

Vanquished Creatures (others)
  137 foxfires
137 creatures vanquished.

Grand Total: 173 creatures vanquished

Notes
Turn   | Place    | Note
-------+----------+-------------------------------------------
     0 | D:1      | funkygono the Gargoyle Fire Elementalist began the quest
                  | for the Orb.
     0 | D:1      | Reached XP level 1. HP: 10/10 MP: 3/3
    97 | D:1      | Reached XP level 2. HP: 15/15 MP: 0/5
   543 | D:1      | Found a faded altar of an unknown god.
   781 | D:2      | Reached XP level 3. HP: 19/19 MP: 2/6
   856 | D:2      | Learned a level 3 spell: Conjure Flame
   911 | D:2      | Reached skill level 1 in Fighting
   911 | D:2      | Reached skill level 4 in Fire Magic
   911 | D:2      | Reached XP level 4. HP: 11/25 MP: 0/7
  2175 | D:2      | Learned a level 4 spell: Sticky Flame
  2229 | D:3      | Noticed an ogre
  2233 | D:3      | Reached XP level 5. HP: 25/29 MP: 3/9
  2241 | D:2      | Slain by an ogre

Illustrated notes

Levels and vault maps discovered:
D:1:      amcnicky_arrival_underground_garden, layout_rooms,
          shapermc_ecumenical_altar_pompeii
D:2:      layout_loops_corners
D:3:      layout_basic, ebering_ghost_sewer_f

Skill      XL: |  1  2  3 |
---------------+----------+-----
Fighting       | 1 |  1.3
Fire Magic     | 4 |  4.3
Dodging        | |  1.9
Stealth        | |  2.1
Spellcasting   | |  2.8
Conjurations   | |  1.6

Action                   |  1- 3 |  4- 6 || total
-------------------------+-------+-------++-------
Melee: Whip              |    12 |     5 ||    17
 Cast: Foxfire           |    37 |    45 ||    82
  Use: Scroll            |     4 |     1 ||     5
Armor: Robe              |     8 |     5 ||    13
Dodge: Dodged            |    12 |    10 ||    22
